 Dungeon Crawl Stone Soup version 0.29.1-15-g9cfb28693d (webtiles) character file.

Game seed: 15273037117959656924

231 protoss039 the Digger (level 5, 0/41 HPs)
             Began as a Demonspawn Earth Elementalist on Mar 13, 2023.
             Succumbed to Crazy Yiuf's poison
             ... on level 2 of the Dungeon.
             The game lasted 00:02:16 (2155 turns).

protoss039 the Digger (DsEE)                        Turns: 2155, Time: 00:02:16

Health: 0/41       AC:  6    Str:  8    XL:     5   Next: 72%
Magic:  5/10       EV: 10    Int: 18    God:
Gold:   137        SH:  4    Dex: 14    Spells: 8/11 levels left

rFire   + . .      SeeInvis .   c - +0 dagger
rCold   + . .      Faith    .   (no shield)
rNeg    . . .      Spirit   .   h - +0 ring mail
rPois   +          Reflect  .   (no helmet)
rElec   +          Harm     .   (no cloak)
rCorr   +          Rampage  .   d - +0 pair of gloves
Will    .....                   (no boots)
Stlth   +.........              (no amulet)
HPRegen 0.13/turn               (no ring)
MPRegen 0.12/turn               (no ring)

@: lethally poisoned (0 -> -23), resistant, very slightly contaminated, hasted,
very quick
A: large bone plates 1, powered by death 1, spiny 1
a: no special abilities


You were on level 2 of the Dungeon.
You visited 1 branch of the dungeon, and saw 2 of its levels.

You collected 137 gold pieces.

Inventory:

Hand Weapons
 c - a +0 dagger (weapon)
Armour
 d - a +0 pair of gloves (worn)
 h - a +0 ring mail (worn)
Wands
 a - a wand of paralysis (7)
Scrolls
 e - 2 scrolls of identify {unknown}
 f - a scroll of brand weapon {unknown}
Potions
 b - a potion of magic
 i - a potion of haste {unknown}


   Skills:
 + Level 3.0 Fighting
 - Level 1.7 Dodging
 - Level 1.7 Stealth
 + Level 3.5 Spellcasting
 - Level 0.8 Transmutations
 + Level 4.0 Earth Magic


You had 8 spell levels left.
You knew the following spells:

 Your Spells              Type           Power      Damage    Failure   Level
a - Sandblast             Erth           34%        2d9       9%          1
b - Passwall              Tmut/Erth      10%        N/A       26%         2

Your spell library contained the following spells:

 Spells                   Type           Power      Damage    Failure   Level
 Stone Arrow              Conj/Erth      20%        3d8       52%         3
 Ozocubu's Armour         Ice            3%         N/A       82%         3
 Petrify                  Tmut/Erth      12%        N/A       86%         4
 Metabolic Englaciation   Hex/Ice        1%         N/A       100%        5
 Simulacrum               Ice/Necr       1%         N/A       100%        6


Dungeon Overview and Level Annotations

Branches:
Dungeon (2/15) Zot: 9824

Altars:

Annotations:
D:2 Crazy Yiuf


Innate Abilities, Weirdness & Mutations

You are partially covered in large bone plates. (SH +4)
You regenerate a little health from kills.
You are partially covered in sharp spines.


Message History

Press: ? - help, Shift-Dir - straight line, f/p - Crazy Yiuf
Aim: Crazy Yiuf, wielding a +4 quarterstaff of chaos and wearing a +0 cloak (84% to hit)
The blast of sand hits Crazy Yiuf.
Crazy Yiuf is moderately wounded.
You block Crazy Yiuf's attack.
Casting: Sandblast (safe; 9% risk of failure)
Confirm with . or Enter, or press ? or * to list all spells.
Aiming: Sandblast (safe; 9% risk of failure)
Press: ? - help, Shift-Dir - straight line, f/p - Crazy Yiuf
Aim: Crazy Yiuf, wielding a +4 quarterstaff of chaos and wearing a +0 cloak (moderately wounded, 84% to hit)
The blast of sand hits Crazy Yiuf!
Crazy Yiuf is severely wounded.
Crazy Yiuf is struck by your spines.
Crazy Yiuf hits you with a +4 quarterstaff of chaos!
You feel yourself speed up. Crazy Yiuf is struck by your spines.
Crazy Yiuf hits you with a +4 quarterstaff of chaos!
Casting: Sandblast (safe; 9% risk of failure)
Confirm with . or Enter, or press ? or * to list all spells.
Aiming: Sandblast (safe; 9% risk of failure)
Press: ? - help, Shift-Dir - straight line, f/p - Crazy Yiuf
Aim: Crazy Yiuf, wielding a +4 quarterstaff of chaos and wearing a +0 cloak (almost dead, 84% to hit)
The blast of sand misses Crazy Yiuf.
Crazy Yiuf hits you with a +4 quarterstaff of chaos!
* * * LOW HITPOINT WARNING * * *
You are lethally poisoned!
Unknown command.
Casting: Sandblast (safe; 9% risk of failure)
Confirm with . or Enter, or press ? or * to list all spells.
Aiming: Sandblast (safe; 9% risk of failure)
Press: ? - help, Shift-Dir - straight line, f/p - Crazy Yiuf
Aim: Crazy Yiuf, wielding a +4 quarterstaff of chaos and wearing a +0 cloak (almost dead, 84% to hit)
You miscast Sandblast.
You are very lightly contaminated with residual magic.
Nothing appears to happen.
* * * LOW HITPOINT WARNING * * *
You feel very sick.
Unknown command.
It was a potion of resistance.
You feel protected.
You die...

### #..######
#....<... #####
#..#..... #..)#
#..###... #...#
#........ ...
#.####### #'#
#........ ♣♣g♣
########. ♣@♣♣ #.
♣♣.♣ #. ♣.♣♣ #####'
♣♣.♣♣ #..... ♣...♣♣
######..... ♣....♣
#....'..... #....#
######.....
##..#####.####.....
#...........#.....


You could see Crazy Yiuf.

Vanquished Creatures
  Sigmund (D:2)
  Jessica (D:2)
  An adder (D:2)
  2 worms (D:2)
  A dart slug (D:1)
  2 bats
  2 endoplasms (D:1)
  A giant cockroach (D:2)
  A goblin (D:2)
  3 hobgoblins
  2 jackals (D:1)
  3 kobolds (D:1)
  4 quokkas
  4 ball pythons
  7 frilled lizards
  4 rats
39 creatures vanquished.

Notes
Turn   | Place    | Note
-------+----------+-------------------------------------------
     0 | D:1      | protoss039 the Demonspawn Earth Elementalist began the
                  | quest for the Orb.
     0 | D:1      | Reached XP level 1. HP: 13/13 MP: 3/3
   239 | D:1      | Found a faded altar of an unknown god.
   266 | D:1      | Gained mutation: You are partially covered in sharp spines.
                  | [demonic ancestry]
   266 | D:1      | Reached XP level 2. HP: 20/20 MP: 3/5
   276 | D:1      | Reached skill level 1 in Fighting
   404 | D:1      | Reached skill level 3 in Earth Magic
   875 | D:1      | Learned a level 2 spell: Passwall
  1057 | D:2      | Gained mutation: You regenerate a little health from kills.
                  | [demonic ancestry]
  1057 | D:2      | Reached XP level 3. HP: 24/26 MP: 1/6
  1396 | D:2      | Found a runed translucent door.
  1397 | D:2      | Noticed Crazy Yiuf
  1490 | D:2      | Noticed Jessica
  1495 | D:2      | Killed Jessica
  1496 | D:2      | Reached XP level 4. HP: 24/33 MP: 6/8
  1595 | D:2      | Noticed Sigmund
  1602 | D:2      | Killed Sigmund
  1603 | D:2      | Reached skill level 4 in Earth Magic
  1603 | D:2      | Gained mutation: You are partially covered in large bone
                  | plates. (SH +4) [demonic ancestry]
  1603 | D:2      | Reached XP level 5. HP: 18/41 MP: 5/10
  2155 | D:2      | Succumbed to Crazy Yiuf's poison

Illustrated notes

Levels and vault maps discovered:
D:1:      eino_arrival_cavern_b, layout_loops_cross,
          dreamdust_ecumenical_altar_statues, minivault_4
D:2:      layout_basic, chequers_serial_rivers_micro_b, uniq_jessica,
          uniq_sigmund, uniq_crazy_yiuf_cottage

Skill      XL: |  1  2  3  4 |
---------------+-------------+-----
Fighting       | 1 2 3 |  3.0
Earth Magic    | 3 4 |  4.0
Spellcasting   | 3 |  3.5
Dodging        | |  1.7
Stealth        | |  1.7
Transmutations | |  0.8

Action                   |  1- 3 |  4- 6 || total
-------------------------+-------+-------++-------
Melee: Dagger            |    35 |     4 ||    39
 Cast: Sandblast         |    30 |     7 ||    37
  Use: Potion            |       |     1 ||     1
 Stab: Sleeping          |     2 |       ||     2
Armor: Robe              |     4 |       ||     4
       Ring mail         |     4 |     1 ||     5
Dodge: Dodged            |    19 |     1 ||    20
Block: Other             |       |     1 ||     1
